 Dungeon Crawl Stone Soup version 0.29-a0-925-g0a7a3d12f8 (webtiles) character file.

Game seed: 8931614117484404472

49 Newt the Trooper (level 3, -1/33 HPs)
             Began as a Draconian Cinder Acolyte on July 29, 2022.
             Was a High Priest of Ignis.
             Slain by a goblin
             ... wielding a +0 dagger
             ... led by Robin
              (3 damage)
             ... on level 2 of the Dungeon.
             The game lasted 00:02:51 (1500 turns).

Newt the Trooper (Draconian Cinder Acolyte)         Turns: 1500, Time: 00:02:51

Health: -1/33      AC:  5    Str: 16    XL:     3   Next: 53%
Magic:  1/13       EV: 11    Int: 14    God:    Ignis [*****.]
Gold:   61         SH:  0    Dex:  8    Spells: 2/4 levels left

rFire   + . .      SeeInvis .   b - +0 short sword (elec)
rCold   . . .      Faith    .   (no shield)
rNeg    . . .      Spirit   .   (body armour unavailable)
rPois   .          Reflect  .   (helmet restricted)
rElec   .          Harm     .   (no cloak)
rCorr   .          Rampage  .   (no gloves)
Will    .....                   (no boots)
Stlth   +.........              (no amulet)
HPRegen 0.11/turn               c - ring of magical power
MPRegen 0.13/turn               (no ring)

@: very slightly contaminated
A: AC +5, unfitting armour, cold-blooded
a: Renounce Religion, Fiery Armour, Foxfire Swarm, Rising Flame


You were on level 2 of the Dungeon.
You worshipped Ignis.
Ignis was extremely pleased with you.
You visited 1 branch of the dungeon, and saw 2 of its levels.

You collected 61 gold pieces.

Inventory:

Hand Weapons
 a - a -1 falchion of flaming
 b - a +0 short sword of electrocution (weapon)
Jewellery
 c - a ring of magical power (left hand)
Scrolls
 d - 2 scrolls of enchant armour {unknown}
 e - a scroll of amnesia {unknown}


   Skills:
 + Level 3.8 Fighting
 + Level 0.8(2.1) Short Blades
 - Level 3.1 Long Blades
 + Level 1.0 Dodging
 + Level 1.1 Spellcasting
 + Level 3.6 Fire Magic


You had 2 spell levels left.
You knew the following spells:

 Your Spells              Type           Power      Damage    Failure   Level
a - Scorch                Fire           20%        2d6       9%          2

Your spell library contained the following spells:

 Spells                   Type           Power      Damage    Failure   Level
 Blink                    Tloc           0%         N/A       36%         2
 Lesser Beckoning         Tloc           0%         N/A       61%         3
 Manifold Assault         Tloc           0%         N/A       100%        5


Dungeon Overview and Level Annotations

Branches:
Dungeon (2/15)

Altars:

Shops:
D:2 :

Annotations:
D:2 Robin


Innate Abilities, Weirdness & Mutations

Your plain brown scales are hard. (AC +5)
You cannot fit into any form of body armour.
You are cold-blooded and may be slowed by cold attacks.


Message History

The goblin closely misses you.
Casting: Scorch (safe; 9% risk of failure)
Press: ? - help, Q - select action Dir - look around, f - activate Look: a goblin, wielding a +0 dagger (strong)
You miscast Scorch.
Nothing appears to happen.
The goblin hits you but does no damage. The goblin hits you with a +0 dagger.
Unknown command.
You hit the goblin.
The goblin is moderately wounded.
The goblin barely misses you. The goblin hits you with a +0 dagger.
You hit the goblin.
The goblin is severely wounded.
The goblin hits you with a +0 dagger.
* * * LOW HITPOINT WARNING * * *
The goblin hits you with a +0 dagger.
* * * LOW HITPOINT WARNING * * *
Unknown command.
It was a potion of curing.
You feel better.
The goblin no longer looks unusually strong.
The goblin barely misses you. The goblin hits you but does no damage.
You completely miss the goblin.
The goblin is severely wounded.
The goblin hits you but does no damage. The goblin hits you with a +0 dagger.
* * * LOW HITPOINT WARNING * * *
Unknown command.
You barely miss the goblin.
The goblin is severely wounded.
The goblin misses you. The goblin closely misses you.
You hit the goblin. Lightning courses through the goblin!
You kill the goblin!
The hobgoblin no longer looks unusually strong.
The goblin hits you with a +0 dagger.
* * * LOW HITPOINT WARNING * * *
Things that are here:
a +0 dagger; a +0 club; a goblin corpse The goblin attacks as you move away!
The goblin hits you with a +0 dagger.
* * * LOW HITPOINT WARNING * * *
The hobgoblin no longer looks unusually strong.
The goblin attacks as you move away! The goblin hits you with a +0 dagger.
You die...

###########
#.........# #
#.........# ...
#....(....##
....)#####...........
....g.ggg@.##..######
....g########..# .##
#†..# #.# ###..## #.#
##....# #.# #..#.##
#.# ##.##.# #.#
##.....# #### #.#
###..#.###


You could see Robin, 2 hobgoblins and 2 goblins.

Vanquished Creatures
  An adder (D:2)
  3 dart slugs (D:1)
  3 ball pythons (D:1)
  3 giant cockroaches (D:1)
  11 goblins
  3 hobgoblins
  A bat (D:1)
  A frilled lizard (D:1)
  3 kobolds (D:1)
  3 rats
32 creatures vanquished.

Notes
Turn   | Place    | Note
-------+----------+-------------------------------------------
     0 | D:1      | Newt the Draconian Cinder Acolyte began the quest for the
                  | Orb.
     0 | D:1      | Reached XP level 1. HP: 19/19 MP: 2/2
   482 | D:1      | Reached XP level 2. HP: 24/26 MP: 3/3
  1173 | D:1      | Learned a level 2 spell: Scorch
  1321 | D:2      | Reached XP level 3. HP: 33/33 MP: 4/4
  1410 | D:2      | Found Homig's Book Shop.
  1458 | D:2      | Reached skill level 1 in Dodging
  1477 | D:2      | Noticed Robin
  1500 | D:2      | Slain by a goblin

Illustrated notes

Levels and vault maps discovered:
D:1:      evilmike_arrival_crescent, layout_basic, minmay_pentomino_z2
D:2:      layout_rooms, serial_shops, shop, uniq_jessica, uniq_robin

Skill      XL: |  1  2  3 |
---------------+----------+-----
Dodging        | 1 |  1.0
Fighting       | |  3.8
Short Blades   | |  0.8
Long Blades    | |  3.1
Spellcasting   | |  1.1
Fire Magic     | |  3.6

Action                   || total
-------------------------++-------
Melee: Falchion          ||    35
       Tailslap          ||     8
       Punch             ||     1
       Short sword       ||    59
 Cast: Scorch            ||     9
  Use: Scroll            ||     2
       Potion            ||     2
Armor: Skin              ||    43
Dodge: Dodged            ||    72

Table legend: (Time is in decaauts)
 A = Elapsed time spent in this place.
 B = Non-inter-level travel time spent in this place.
 C = Inter-level travel time spent in this place.
 D = Time resting spent in this place.
 E = Time spent auto-exploring this place.
 F = Levels seen in this place.
 G = Mean time per level.
                   A        B        C        D        E       F      G
               +--------+--------+--------+--------+--------+-----+--------+
         Total |   1504 |   1504 |      0 |    505 |    771 |   2 |  752.0 |
       Dungeon |   1504 |   1504 |      0 |    505 |    771 |   2 |  752.0 |
               +--------+--------+--------+--------+--------+-----+--------+

Top non-repeatable levels by time:
     D:1: 1263 daAuts
     D:2: 240 daAuts
